 Dungeon Crawl Stone Soup version 0.28.0-45-g0d030f2227 (webtiles) character file.

Game seed: 4540494696029095120

105 GigaChad the Slasher (level 4, 0/32 HPs)
             Began as a Minotaur Chaos Knight on Apr 22, 2022.
             Was a Plaything of Xom.
             Slain by an orc
             ... wielding a +0 club
              (4 damage)
             ... on level 4 of the Dungeon.
             The game lasted 00:06:54 (2901 turns).

GigaChad the Slasher (Minotaur Chaos Knight)        Turns: 2901, Time: 00:06:58

Health: 0/32       AC:  6    Str: 22    XL:     4   Next: 53%
Magic:  3/3        EV: 10    Int:  7    God:    Xom [...*..]
Gold:   89         SH:  0    Dex: 12    Spells: 0/3 levels left

rFire   . . .      SeeInvis .   a - +0 falchion (chaos)
rCold   . . .      Faith    .   (no shield)
rNeg    . . .      Spirit   .   i - +0 scale mail
rPois   .          Reflect  .   (helmet restricted)
rElec   .          Harm     .   (no cloak)
rCorr   .          Rampage  .   (no gloves)
Will    .....      Clarity  +   (no boots)
Stlth   .......... Rnd*Tele +   (no amulet)
HPRegen 0.10/turn               c - +6 ring of strength
MPRegen 0.08/turn               (no ring)

@: unable to read
A: horns 2, retaliatory headbutt, clarity, dopey 1, frail 2, screaming 1,
teleportitis 1, inability to read while threatened
a: Renounce Religion


You were on level 4 of the Dungeon.
You worshipped Xom.
You were a favourite toy of Xom.
You visited 1 branch of the dungeon, and saw 4 of its levels.

You collected 89 gold pieces.

Inventory:

Hand Weapons
 a - a +0 falchion of chaos (weapon)
 m - a +0 hand crossbow
 o - a +0 quarterstaff
Armour
 b - a +2 leather armour
 i - a +0 scale mail (worn)
Jewellery
 c - a +6 ring of strength (left hand)
Wands
 k - a wand of flame (14)
Scrolls
 h - a scroll of summoning {unknown}
 l - 2 scrolls of fog
Potions
 d - 3 potions of heal wounds {unknown}
 e - 2 potions of berserk rage {unknown}
 f - a potion of magic {unknown}
 g - a potion of curing {unknown}
 n - a potion of lignification {unknown}


   Skills:
 + Level 4.7 Fighting
 + Level 4.8 Long Blades
 + Level 3.2 Armour
 + Level 1.6 Dodging
 + Level 0.7 Stealth


You couldn't memorise any spells.
You knew the following spells:

 Your Spells              Type           Power      Damage    Failure   Level
a - Call Canine Familiar  Summ           0%         N/A       98%         3

Your spell library contained the following spells:

 Spells                   Type           Power      Damage    Failure   Level
 Portal Projectile        Hex/Tloc       0%         N/A       98%         3
 Leda's Liquefaction      Hex/Erth       0%         N/A       100%        4


Dungeon Overview and Level Annotations

Branches:
Dungeon (4/15)
 Temple: D:4-7

Altars:
Xom


Innate Abilities, Weirdness & Mutations

You have a pair of horns on your head.
You reflexively headbutt those who attack you in melee.
You possess an exceptional clarity of mind.
You are dopey. (Int -2)
You are very frail. (-20% HP)
You occasionally shout uncontrollably at your foes.
You are occasionally teleported next to monsters.
You sometimes lose the ability to read scrolls when taking damage.


Message History

You see here a +0 quarterstaff.
o - a +0 quarterstaff
As you read the scroll labelled NOKYIS QUTAWNUV, it crumbles to dust.
The scroll dissolves into smoke.
It was a scroll of fog.
As you read the scroll labelled SUVIEJ GAKHLOUB, it crumbles to dust.
You feel strangely unstable.
It was a scroll of teleportation.
Found a ring mail.
Your surroundings suddenly seem different.
There is an escape hatch in the floor here.
You slide downwards.
The hatch slams shut behind you.
The orc shouts! x3
The orc hits you with a +0 mace.
You barely miss the orc. The orc priest barely misses you.
You furiously retaliate!
You headbutt the orc priest. The orc hits you but does no damage.
You slash the orc!
You kill the orc!
The orc hits you with a +0 club.
You feel threatened and lose the ability to read scrolls!
The orc hits you with a +0 whip.
The orc priest hits you but does no damage.
The orc barely misses you.
The orc priest hits you but does no damage.
Items here: ) ? [ †.
You hit the orc.
The orc is heavily wounded.
The orc hits you with a +0 club.
The orc priest mumbles some strange prayers to Beogh against you.
Beogh smites you! The orc hits you but does no damage.
The orc hits you with a +0 hand axe.
* * * LOW HITPOINT WARNING * * *
You barely miss the orc. You headbutt the orc.
You kill the orc!
The orc hits you but does no damage.
The orc priest hits you but does no damage.
The orc hits you with a +0 whip.
* * * LOW HITPOINT WARNING * * *
The orc hits you with a +0 club.
You die...
Xom thinks this is hilarious!

#..# #.#^ ...#
## ##.#.#..#
#.......#
##...#.#.#
#........#
#o@).#.#.#
#.....oo......#
#.........#####
.#..#....###
.#. ##.### # #.
#. #.


You could see an orc priest and 2 orcs.

Vanquished Creatures
  Terence (D:2)
  3 adders
  2 worms (D:2)
  A dart slug (D:3)
  3 orcs
  2 bats
  5 giant cockroaches
  3 goblins
  5 hobgoblins
  A quokka (D:1)
  2 ball pythons
  5 frilled lizards
  6 kobolds
  5 rats
44 creatures vanquished.

Notes
Turn   | Place    | Note
-------+----------+-------------------------------------------
     0 | D:1      | GigaChad the Minotaur Chaos Knight began the quest for the
                  | Orb.
     0 | D:1      | Reached XP level 1. HP: 19/19 MP: 0/0
    83 | D:1      | XOM is BORED!
    83 | D:1      | XOM: silly message
   115 | D:1      | XOM: potion effect (haste)
   202 | D:1      | Reached XP level 2. HP: 27/27 MP: 1/1
   303 | D:1      | XOM: divination: magic mapping
   372 | D:1      | Found a faded altar of an unknown god.
   496 | D:1      | XOM: 6-stop teleportation journey
   573 | D:1      | XOM is BORED!
   573 | D:1      | XOM: enchant monster (bad)
   871 | D:1      | XOM: give mutation
   871 | D:1      | Gained mutation: You are frail. (-10% HP) [Xom's mischief]
   950 | D:1      | XOM: divination: detect items
  1048 | D:2      | XOM: give mutation
  1048 | D:2      | Gained mutation: You are very frail. (-20% HP) [Xom's
                  | mischief]
  1138 | D:2      | XOM: give mutation
  1138 | D:2      | Gained mutation: You possess an exceptional clarity of
                  | mind. [Xom's mischief]
  1455 | D:2      | Reached XP level 3. HP: 22/27 MP: 2/2
  1525 | D:2      | XOM: draining
  1575 | D:2      | Noticed Terence
  1583 | D:2      | Killed Terence
  1595 | D:2      | Reached XP level 4. HP: 3/32 MP: 3/3
  1709 | D:2      | XOM: silly message
  1909 | D:2      | You fall into a shaft and drop 2 floors!
  2019 | D:3      | XOM: noise
  2055 | D:3      | Learned a level 3 spell: Call Canine Familiar
  2487 | D:3      | Found Jiomumus's Magic Scroll Boutique.
  2599 | D:3      | XOM: scenery: create altars
  2799 | D:3      | XOM: give mutations
  2799 | D:3      | Gained mutation: You sometimes lose the ability to read
                  | scrolls when taking damage. [Xom's mischief]
  2799 | D:3      | Gained mutation: You occasionally shout uncontrollably at
                  | your foes. [Xom's mischief]
  2799 | D:3      | Gained mutation: You are dopey. (Int -2) [Xom's mischief]
  2799 | D:3      | Gained mutation: You are occasionally teleported next to
                  | monsters. [Xom's mischief]
  2901 | D:4      | Slain by an orc

Illustrated notes

Levels and vault maps discovered:
D:1:      dpeg_chamrin_arrival_tetris, layout_basic, basic_ecumenical_altar,
          minmay_misc_feat_columns
D:2:      layout_basic, minmay_misc_feat_pillars, uniq_terence
D:3:      layout_basic, serial_shops, nicolae_lakefront_shop
D:4:      layout_cave_pods, nicolae_qazlal_eye_of_the_storm, serial_glass,
          glass_columns_b, glass_columns_a, serial_shops, shop,
          gammafunk_ghost_mausoleum, kennysheep_generic_room_15

Skill      XL: |  1  2  3 |
---------------+----------+-----
Fighting       | 4 |  4.7
Long Blades    | 4 |  4.8
Armour         | 3 |  3.2
Dodging        | |  1.6
Stealth        | |  0.7

Action                   |  1- 3 |  4- 6 || total
-------------------------+-------+-------++-------
Melee: Falchion          |    66 |    38 ||   104
       Headbutt          |    10 |     4 ||    14
       Punch             |     1 |       ||     1
  Use: Scroll            |       |     2 ||     2
 Stab: Paralysed         |     1 |       ||     1
Armor: Leather armour    |    24 |       ||    24
       Scale mail        |     5 |    27 ||    32
Dodge: Dodged            |    47 |    24 ||    71
